 Dungeon Crawl Stone Soup version 0.28.0-53-g5a82cb258f (webtiles) character file.

Game seed: 6639289217204006222

59 Descartes the Grasshopper (level 4, 0/33 HPs)
             Began as a Formicid Warper on May 31, 2022.
             Slain by Robin
             ... wielding a +2 mace of protection
              (7 damage)
             ... on level 1 of the Dungeon.
             The game lasted 00:02:07 (2585 turns).

Descartes the Grasshopper (Formicid Warper)         Turns: 2585, Time: 00:02:08

Health: 0/33       AC:  3    Str: 19    XL:     4   Next: 22%
Magic:  7/7        EV: 11    Int: 13    God:
Gold:   71         SH:  0    Dex: 10    Spells: 7/7 levels left

rFire   . . .      SeeInvis +   a - +0 hand axe
rCold   + . .      Faith    .   (no shield)
rNeg    . . .      Spirit   .   b - +0 leather armour
rPois   .          Reflect  .   (helmet unavailable)
rElec   .          Harm     .   (no cloak)
rCorr   .          Rampage  .   (no gloves)
Will    .....                   (no boots)
Stlth   +.........              (no amulet)
HPRegen 0.11/turn               (no ring)
MPRegen 0.10/turn               (no ring)

@: brilliant
A: permanent stasis, dig shafts and tunnels, antennae 3, four strong arms, cold
resistance 1, screaming 1, strong 1
a: Dig, Shaft Self


You were on level 1 of the Dungeon.
You visited 1 branch of the dungeon, and saw 2 of its levels.

You collected 71 gold pieces.

Inventory:

Hand Weapons
 a - a +0 hand axe (weapon)
Missiles
 c - 5 boomerangs of dispersal (quivered)
 e - 4 silver boomerangs
Armour
 b - a +0 leather armour (worn)
Scrolls
 f - a scroll of holy word {unknown}
 h - a scroll of noise {unknown}
 i - a scroll of immolation
Potions
 g - a potion of mutation


   Skills:
 - Level 2.1 Fighting
 + Level 2.6 Axes
 - Level 1.0 Throwing
 + Level 2.2 Armour
 - Level 1.7 Dodging
 + Level 1.9 Shields
 - Level 2.1 Spellcasting
 + Level 3.2 Translocations


You had 7 spell levels left.
You didn't know any spells.
Your spell library contained the following spells:

 Spells                   Type           Power      Damage    Failure   Level
 Gell's Gravitas          Tloc           14%        N/A       24%         3
 Lesser Beckoning         Tloc           14%        N/A       24%         3
 Teleport Other           Tloc           14%        N/A       24%         3
 Manifold Assault         Tloc           14%        N/A       91%         5
 Blink                    Tloc           Unusable   N/A       N/A         2

Dungeon Overview and Level Annotations

Branches:
Dungeon (2/15)

Altars:

Annotations:
D:1 Robin


Innate Abilities, Weirdness & Mutations

You cannot be hasted, slowed, berserked, paralysed or teleported.
You can dig through walls and to a lower floor.
You have a pair of large antennae on your head. (SInv)
Your four strong arms can wield two-handed weapons with a shield.
Your flesh is cold resistant. (rC+)
You occasionally shout uncontrollably at your foes.
Your muscles are strong. (Str +2)


Message History

No target in view!
No target in view!
No target in view!
No target in view!
No target in view!
No target in view!
No target in view!
No target in view!
You sense a monster nearby.
No target in view!
Things that are here:
a +0 dagger; a goblin corpse Robin of the Strong Arm comes into view.
They are wielding a +2 mace of protection.
Robin throws the goblin at you!
You hit the goblin.
The goblin is heavily wounded.
The goblin hits you but does no damage. x2
You miss the goblin.
The goblin is heavily wounded.
You hit Robin but do no damage. Robin barely misses you.
The goblin barely misses you.
You hit the goblin.
You kill the goblin!
You closely miss Robin.
Robin hits you with a +2 mace of protection. x2
Robin says, "My goblins will feast on your bones."
Items here: )) ††.
There is a stone staircase leading up here.
Robin hits you with a +2 mace of protection.
* * * LOW HITPOINT WARNING * * *
You climb upwards.
There is a stone staircase leading down here.
It was a potion of brilliance.
You feel clever all of a sudden.
Robin hits you with a +2 mace of protection.
* * * LOW HITPOINT WARNING * * *
It was a potion of mutation.
You feel extremely strange.
You feel the urge to shout.
You feel resistant to cold.
You feel stronger.
Robin hits you with a +2 mace of protection!
You die...

##...## #.# #.....##
### #.# .......##
##.###.#
........####...##.####
........'............#
........####...##>##.#
.......## ##..##.##.#
#.....## ##.##g##.#
##...## #...@.##.#
##'## #..#####.#
###.##### #..#####.#
........# #........#
###.###.#####.########
#.............#
#.......#######
#....#..# #.#.##..#


You could see Robin.

Vanquished Creatures
  An adder (D:2)
  A dart slug (D:1)
  2 bats
  5 endoplasms
  3 giant cockroaches (D:1)
  6 goblins
  7 hobgoblins
  4 quokkas
  4 ball pythons (D:1)
  2 frilled lizards
  2 kobolds (D:1)
  3 rats
40 creatures vanquished.

Notes
Turn   | Place    | Note
-------+----------+-------------------------------------------
     0 | D:1      | Descartes the Formicid Warper began the quest for the Orb.
     0 | D:1      | Reached XP level 1. HP: 16/16 MP: 3/3
   359 | D:1      | Reached XP level 2. HP: 22/22 MP: 5/5
   407 | D:1      | Reached skill level 1 in Shields
   919 | D:1      | Reached XP level 3. HP: 10/27 MP: 6/6
  1157 | D:1      | Reached skill level 3 in Translocations
  2306 | D:2      | Found a faded altar of an unknown god.
  2321 | D:2      | Reached XP level 4. HP: 17/33 MP: 7/7
  2567 | D:2      | Noticed Robin
  2585 | D:1      | Gained mutation: You occasionally shout uncontrollably at
                  | your foes. [potion of mutation]
  2585 | D:1      | Gained mutation: Your flesh is cold resistant. (rC+)
                  | [potion of mutation]
  2585 | D:1      | Gained mutation: Your muscles are strong. (Str +2) [potion
                  | of mutation]
  2585 | D:1      | Slain by Robin

Illustrated notes

Levels and vault maps discovered:
D:1:      evilmike_arrival_hilbert_curve, layout_loops_corners
D:2:      layout_basic, hellmonk_ecumenical_altar_blasted, grunt_ministairs_4,
          uniq_robin

Skill      XL: |  1  2  3 |
---------------+----------+-----
Shields        | 1 |  1.9
Translocations | 3 |  3.2
Armour         | 2 |  2.2
Fighting       | |  2.1
Axes           | |  2.6
Throwing       | |  1.0
Dodging        | |  1.7
Spellcasting   | |  2.1

Action                   |  1- 3 |  4- 6 || total
-------------------------+-------+-------++-------
Melee: Hand axe          |   174 |     8 ||   182
       Punch             |     2 |       ||     2
  Use: Potion            |       |     2 ||     2
 Stab: Sleeping          |     1 |       ||     1
Armor: Leather armour    |    45 |     3 ||    48
Dodge: Dodged            |   116 |     4 ||   120
